 Dungeon Crawl Stone Soup version 0.29-a0-813-g4a14ea37d6 (webtiles) character file.

Game seed: 11072360966673086860

242 indigestion the Firebug (level 6, -5/36 HPs)
             Began as an Octopode Fire Elementalist on July 5, 2022.
             Slain by an iguana (7 damage)
             ... on level 6 of the Dungeon.
             The game lasted 00:16:37 (4495 turns).

indigestion the Firebug (OpFE)                      Turns: 4495, Time: 00:16:37

Health: -5/36      AC:  1    Str:  7    XL:     6   Next: 9%
Magic:  0/10       EV: 13    Int: 20    God:
Gold:   156        SH:  0    Dex: 12    Spells: 3/11 levels left

rFire   . . .      SeeInvis .   b - +1 dagger
rCold   . . .      Faith    .   (no shield)
rNeg    . . .      Spirit   .   (helmet restricted)
rPois   .          Reflect  .   (no amulet)
rElec   .          Harm     .   (no ring)
rCorr   .          Rampage  .   (no ring)
Will    .....                   (no ring)
Stlth   +++.......              (no ring)
HPRegen 0.12/turn               (no ring)
MPRegen 0.12/turn               (no ring)
                                (no ring)
                                (no ring)

@: flying
A: almost no armour, amphibious, 8 rings, camouflage 1, gelatinous body 1,
(nimble swimmer 1), tentacles, mutation resistance 1, sense surroundings 1
a: no special abilities


You were on level 6 of the Dungeon.
You visited 1 branch of the dungeon, and saw 5 of its levels.

You collected 216 gold pieces.
You spent 60 gold pieces at shops.

Inventory:

Hand Weapons
 b - a +1 dagger (weapon)
 m - a +0 long sword
Scrolls
 c - 2 scrolls of enchant armour
 d - a scroll of enchant weapon
 f - a scroll of fog {unknown}
 g - 2 scrolls of teleportation
 j - a scroll of amnesia
 k - a scroll of fear
 o - a scroll of vulnerability {unknown}
 p - a scroll of silence
 q - a scroll of identify
Potions
 a - a potion of magic
 e - 2 potions of curing {unknown}
 h - 3 potions of ambrosia {unknown}
 i - 2 potions of flight
 l - a potion of haste {unknown}
 n - a potion of degeneration {unknown}


   Skills:
 - Level 3.1 Dodging
 - Level 3.6 Stealth
 + Level 3.2 Spellcasting
 + Level 2.8 Conjurations
 + Level 1.1 Hexes
 - Level 3.8 Fire Magic


You had 3 spell levels left.
You knew the following spells:

 Your Spells              Type           Power      Damage    Failure   Level
a - Foxfire               Conj/Fire      64%        2x1d7     3%          1
b - Scorch                Fire           36%        2d7       4%          2
c - Inner Flame           Hex/Fire       13%        N/A       16%         3
d - Ensorcelled Hibernat  Hex/Ice        10%        N/A       17%         2

Your spell library contained the following spells:

 Spells                   Type           Power      Damage    Failure   Level
 Conjure Flame            Conj/Fire      16%        6-21      11%         3
 Spider Form              Tmut/Pois      3%         N/A       38%         3
 Flame Wave               Conj/Fire      16%        2d6       34%         4
 Anguish                  Hex/Necr       2%         N/A       73%         4


Dungeon Overview and Level Annotations

Branches:
Dungeon (4/15)
 Temple: D:4-7

Altars:
Kikubaaqudgha
Xom
Yredelemnul
Zin

Shops:
D:2 ?(*   D:4 *

Annotations:
D:2 shops
D:4 2 transporters, shop, gdog's ghost, weakling GnDe


Innate Abilities, Weirdness & Mutations

You cannot wear most types of armour.
You are amphibious.
You can wear up to eight rings at the same time.
Your skin changes colour to match your surroundings (Stealth+).
Your rubbery body absorbs attacks. (AC +1, EV +1)
((You are camouflaged when in or above water. (Stealth+)))
You have tentacles for arms and can constrict up to eight enemies at once.
You are somewhat resistant to further mutation.
You passively map a small area around you.


Message History

Casting: Scorch (safe; 4% risk of failure)
Confirm with . or Enter, or press ? or * to list all spells.
Flames lash the iguana.
The iguana is severely wounded.
The iguana's fire resistance burns away.
The iguana bites you!
Casting: Scorch (safe; 4% risk of failure)
Confirm with . or Enter, or press ? or * to list all spells.
You conjure some foxfire!
The iguana bites you. The iguana attacks as you move away!
The iguana bites you.
The foxfire hits the iguana but does no damage.
The iguana is severely wounded.
The foxfire hits the iguana but does no damage.
The iguana is severely wounded.
Casting: Foxfire (safe; 3% risk of failure)
Confirm with . or Enter, or press ? or * to list all spells.
You conjure some foxfire!
The iguana is no longer more vulnerable to fire.
The iguana bites you!
* * * LOW HITPOINT WARNING * * *
The foxfire hits the iguana.
The iguana is almost dead.
The foxfire hits the iguana but does no damage.
The iguana is almost dead.
It was a potion of flight.
You feel very buoyant.
You fly up into the air.
The iguana closely misses you.
Casting: Foxfire (safe; 3% risk of failure)
Confirm with . or Enter, or press ? or * to list all spells.
You conjure some foxfire!
The iguana misses you.
You are too injured to fight recklessly!
You hit the iguana. Your grab misses the iguana.
You squeeze the iguana, but do no damage.
The iguana is almost dead.
The foxfire hits the iguana.
The iguana is almost dead.
The foxfire hits the iguana.
The iguana is almost dead.
The iguana bites you!
You die...

* #........##..# #
####.######.##..# #
.....######.#...#### ,
....................... *
?..###........#..##### * ,
, ,..........#####..# # ,
#................# #
#.#######.####...# ,
,,,###.##.@...........#
#......l.......#.#.##### .
#....................... .†
#......####.##.#.#.##...
†..#......####.##.#.#.##...
,
...............##.#.#.##...
[†.#......#######.#....'...
, ..
#......#######.###.##... .
#...)..............##...


You could see an iguana.

Vanquished Creatures
  A bullfrog zombie (D:6)
  2 hounds
  A jelly (D:4)
  An iguana (D:4)
  2 adders
  A shadow imp (D:6)
  2 worms
  A dart slug (D:2)
  2 orcs (D:3)
  9 endoplasms
  2 giant cockroaches (D:2)
  5 goblins
  8 hobgoblins
  2 jackals (D:1)
  3 kobolds
  2 quokkas (D:3)
  6 ball pythons
  6 bats
  4 frilled lizards
  4 rats
64 creatures vanquished.

Vanquished Creatures (others)
  121 foxfires
  7 plants (D:4)
  A withered plant (D:6)
129 creatures vanquished.

Grand Total: 193 creatures vanquished

Notes
Turn   | Place    | Note
-------+----------+-------------------------------------------
     0 | D:1      | indigestion the Octopode Fire Elementalist began the quest
                  | for the Orb.
     0 | D:1      | Reached XP level 1. HP: 11/11 MP: 3/3
   209 | D:1      | Reached XP level 2. HP: 9/17 MP: 5/5
  1066 | D:2      | Reached XP level 3. HP: 21/21 MP: 6/6
  1185 | D:2      | Found a faded altar of an unknown god.
  1328 | D:2      | Found Tuatow's Assorted Antiques.
  1345 | D:2      | Bought a scroll labelled UDUTONEORY for 24 gold pieces
  1368 | D:2      | Gained mutation: You have hidden genetic potential. [potion
                  | of mutation]
  1368 | D:2      | Gained mutation: Your spells are a little harder to cast,
                  | but a little more powerful. [potion of mutation]
  1368 | D:2      | Gained mutation: You are resistant to electric shocks.
                  | (rElec) [potion of mutation]
  1476 | D:2      | Found Mekowiat's Weapon Boutique.
  1572 | D:2      | Found Teom's Magic Scroll Shop.
  1586 | D:2      | Bought a scroll of teleportation for 36 gold pieces
  1867 | D:2      | Noticed an ogre
  1953 | D:2      | HP: 1/21 [ogre/+0 giant club (20)]
  2238 | D:3      | Reached XP level 4. HP: 27/27 MP: 2/7
  2400 | D:3      | Found an ancient bone altar of Kikubaaqudgha.
  2424 | D:3      | Gained mutation: You are robust. (+10% HP) [hidden
                  | potential]
  2945 | D:3      | Found a basalt altar of Yredelemnul.
  2945 | D:3      | Found a glowing silver altar of Zin.
  3381 | D:4      | Found a transporter.
  3542 | D:4      | Reached XP level 5. HP: 34/34 MP: 7/9
  3542 | D:4      | Noticed gdog's ghost (weakling GnDe)
  3550 | D:4      | Gained mutation: You expend magic power (3 MP) to
                  | strengthen your wands. [hidden potential]
  3550 | D:4      | Lost mutation: You have hidden genetic potential. [hidden
                  | potential expressed]
  3576 | D:4      | Found a shimmering altar of Xom.
  3577 | D:4      | Lost mutation: You expend magic power (3 MP) to strengthen
                  | your wands. [potion of mutation]
  3577 | D:4      | Lost mutation: You are resistant to electric shocks.
                  | (rElec) [potion of mutation]
  3577 | D:4      | Lost mutation: You are robust. (+10% HP) [potion of
                  | mutation]
  3577 | D:4      | Gained mutation: You are somewhat resistant to further
                  | mutation. [potion of mutation]
  3578 | D:4      | Lost mutation: You are somewhat resistant to further
                  | mutation. [potion of mutation]
  3578 | D:4      | Lost mutation: Your spells are a little harder to cast, but
                  | a little more powerful. [potion of mutation]
  3578 | D:4      | Gained mutation: You passively map a small area around you.
                  | [potion of mutation]
  3578 | D:4      | Gained mutation: You are somewhat resistant to further
                  | mutation. [potion of mutation]
  3749 | D:4      | Found Hehokk's Assorted Antiques.
  3804 | D:4      | Found a transporter.
  3977 | D:4      | You fall into a shaft and drop 2 floors!
  3985 | D:6      | Learned a level 2 spell: Scorch
  3989 | D:6      | Learned a level 3 spell: Inner Flame
  3992 | D:6      | Learned a level 2 spell: Ensorcelled Hibernation
  4036 | D:6      | Noticed an ice beast
  4137 | D:6      | Noticed an orc warrior
  4437 | D:6      | Reached skill level 1 in Hexes
  4437 | D:6      | Reached XP level 6. HP: 36/36 MP: 6/10
  4488 | D:6      | HP: 1/36 [iguana (12)]
  4495 | D:6      | Slain by an iguana

Illustrated notes

Levels and vault maps discovered:
D:1:      zaba_arrival_water, layout_loops_corners, hangedman_decor_peaks_small
D:2:      layout_basic, serial_shops, nicolae_shop_bloodbath_and_beyond,
          nicolae_shop_crystal, nicolae_shop_advertising_works
          [nicolae_subvault_shop_adworks], basic_ecumenical_altar,
          minmay_surrounded
D:3:      minmay_angry_zag, layout_rooms, lemuel_tele_altar,
          gammafunk_temple_overflow_wave
D:4:      layout_basic, overflow_temple_1_default,
          gammafunk_ghost_gnarly_gnolls, serial_shops,
          nicolae_shop_overgrown_old_shop, grunt_decor_arrowhead,
          minmay_checkerbox
D:6:      layout_basic, nicolae_uskayaw_murder_on_the_dancefloor, serial_shops,
          shop, serial_undead, serial_undead_f, serial_undead_e,
          serial_undead_e, serial_undead_e

Skill      XL: |  1  2  3  4  5 |
---------------+----------------+-----
Stealth        | 3 |  3.6
Conjurations   | 2 |  2.8
Dodging        | 3 |  3.1
Spellcasting   | 3 |  3.2
Hexes          | 1 |  1.1
Fire Magic     | |  3.8

Action                   |  1- 3 |  4- 6 || total
-------------------------+-------+-------++-------
Melee: Unarmed           |    10 |       ||    10
       Tentacles         |    12 |    10 ||    22
       Dagger            |    28 |    34 ||    62
       Constrict         |     7 |     9 ||    16
       Punch             |       |     2 ||     2
 Cast: Foxfire           |    23 |    48 ||    71
       Scorch            |       |     4 ||     4
  Use: Scroll            |     8 |     1 ||     9
       Potion            |     1 |     3 ||     4
 Stab: Sleeping          |     9 |     4 ||    13
Armor: Skin              |     7 |     1 ||     8
Dodge: Dodged            |    30 |    30 ||    60

Table legend: (Time is in decaauts)
 A = Elapsed time spent in this place.
 B = Non-inter-level travel time spent in this place.
 C = Inter-level travel time spent in this place.
 D = Time resting spent in this place.
 E = Time spent auto-exploring this place.
 F = Levels seen in this place.
 G = Mean time per level.
                   A        B        C        D        E       F      G
               +--------+--------+--------+--------+--------+-----+--------+
         Total |   4494 |   4360 |    134 |    950 |   2634 |   5 |  898.8 |
       Dungeon |   4494 |   4360 |    134 |    950 |   2634 |   5 |  898.8 |
               +--------+--------+--------+--------+--------+-----+--------+

Top non-repeatable levels by time:
     D:3: 1221 daAuts
     D:1: 1057 daAuts
     D:2: 999 daAuts
     D:4: 698 daAuts
     D:6: 517 daAuts
